 Dungeon Crawl Stone Soup version 0.26-a0-812-g31a745ddcd (webtiles) character file.

Game seed: 16269381702035935453

6991 Borgoz the Grappler (level 11, -1/97 HPs)
             Began as a Ghoul Monk on Dec 6, 2020.
             Was a High Priest of Okawaru.
             Slain by an unseen horror (10 damage)
             ... on level 10 of the Dungeon.
             The game lasted 00:14:55 (13646 turns).

Borgoz the Grappler (Ghoul Monk)                   Turns: 13646, Time: 00:14:55

Health: -1/97      AC: 11    Str: 16    XL:     11   Next: 8%
Magic:  12/12      EV: 15    Int:  5    God:    Okawaru [*****.]
Gold:   208        SH:  0    Dex: 14    Spells: 10/10 levels left

rFire    . . .     SeeInvis .     - Unarmed
rCold    + . .     Faith    .   (no shield)
rNeg     + + +     Spirit   .   e - +0 ring mail
rPois    ∞         Reflect  .   h - +0 helmet
rElec    .         Harm     .   (no cloak)
rCorr    .         Rampage  .   (no gloves)
MR       +....                  w - +2 pair of boots
Stlth    +.........             (no amulet)
HPRegen  0.00/turn              o - ring of protection from magic
MPRegen  0.13/turn              (no ring)

@: no status effects
A: rotting body, claws 1, cold resistance 1, negative energy resistance 3,
inhibited regeneration, torment resistance, unbreathing
a: Heroism, Finesse, Renounce Religion


You were on level 10 of the Dungeon.
You worshipped Okawaru.
Okawaru was extremely pleased with you.
You visited 2 branches of the dungeon, and saw 11 of its levels.

You collected 528 gold pieces.
You spent 320 gold pieces at shops.

Inventory:

Armour
 e - a +0 ring mail (worn)
 h - a +0 helmet (worn)
 w - a +2 pair of boots (worn)
Jewellery
 o - a ring of protection from magic (left claw)
Wands
 j - a wand of disintegration (4)
Scrolls
 c - 9 scrolls of teleportation
 g - 3 scrolls of magic mapping
 i - a scroll of enchant weapon
 l - 6 scrolls of blinking
 p - 9 scrolls of remove curse
Potions
 a - a potion of haste
 b - a potion of magic
 d - a potion of flight {unknown}
 f - a potion of resistance
 q - 2 potions of curing
 r - a potion of brilliance
 s - a potion of cancellation


   Skills:
 * Level 9.0 Fighting
 * Level 6.8 Armour
 * Level 8.4 Dodging
 - Level 2.1 Stealth
 * Level 10.0 Unarmed Combat
 + Level 3.8 Invocations


You had 10 spell levels left.
You didn't know any spells.
Your spell library contained the following spells:

 Spells                   Type           Power        Failure   Level
 Bolt of Magma            Conj/Fire/Erth #.........   100%        5
 Iskenderun's Battlesphe  Conj           #.......     100%        5
 Iron Shot                Conj/Erth      #.........   100%        6
 Orb of Destruction       Conj           #.........   100%        7
 Spellforged Servitor     Conj/Summ      #.........   100%        7


Dungeon Overview and Level Annotations

Branches:
Dungeon (10/15)            Temple (1/1) D:6            Lair (0/6) D:8
    Orc: D:9-12

Altars:
Ashenzari
Cheibriados
Dithmenos
Elyvilon
Fedhas
Gozag
Hepliaklqana
Kikubaaqudgha
Makhleb
Nemelex Xobeh
Okawaru
Qazlal
Ru
Sif Muna
Trog
Uskayaw
Vehumet
Wu Jian
Xom
Yredelemnul
Zin
The Shining One

Shops:
D:4 ?   D:10 (?=


Innate Abilities, Weirdness & Mutations

Your body is rotting away.
You thrive by killing the living.
You are immune to poison.
You have sharp fingernails.
Your flesh is cold resistant. (rC+)
You are immune to negative energy. (rN+++)
You do not regenerate when monsters are visible.
You are immune to unholy pain and torment.
You can survive without breathing.


Message History

You closely miss something. Something barely misses you.
Something hits you but does no damage. Something hits you.
* * * LOW HITPOINT WARNING * * *
Something hits you but does no damage. Something hits you but does no damage.
Something hits you but does no damage. Something hits you.
* * * LOW HITPOINT WARNING * * *
Something hits you but does no damage.
You closely miss something. Something hits you but does no damage.
You swing at nothing.
You scratch something but do no damage. Something hits you!
* * * LOW HITPOINT WARNING * * *
You swing at nothing.
Something hits you.
* * * LOW HITPOINT WARNING * * *
You claw something!
Something hits you but does no damage. x2
You miss something. Something hits you.
* * * LOW HITPOINT WARNING * * *
Something hits you!
You die...

......'.......#.....#..#
......#(.#'####.......)####...
....###..#....#.####..).......
....#....#......# #..........
.##.#....#.†#.#.# #.#########
....######......# ##........
##.....####.#.#.# #.........
.........##.....###.........
...._....####...@...........
.........# #######...######
##.....### #.......
........... ........
##>......!. .##......
##......... . ......
........... .. ......
########### ####


There were no monsters in sight!

Vanquished Creatures
  A tengu warrior (D:10)
  An unseen horror (D:10)
  An ugly thing (D:9)
  A wyvern (D:8)
  A yak (D:10)
  A harpy simulacrum (D:10)
  4 orc warriors
  2 sky beasts (D:7)
  2 ice beasts
  3 phantoms
  4 ogres
  2 black bears
  3 necrophages (D:9)
  2 eyes of draining (D:4)
  3 centaurs
  A big kobold (D:10)
  2 bullfrogs (D:7)
  2 scorpions
  13 wights
  4 howler monkeys
  3 centaur zombies
  A bullfrog zombie (D:10)
  5 orc priests
  A centaur skeleton (D:8)
  5 hounds
  2 jellies
  10 orc wizards
  A bullfrog skeleton (D:7)
  An iguana (D:9)
  11 worker ants
  A hound skeleton (D:8)
  3 mummies (D:9)
  4 worker ant zombies
  A howler monkey zombie (D:7)
  11 adders
  4 gnolls
  4 river rats (D:6)
  2 shadow imps
  3 white imps
  2 ufetubi (D:10)
  2 oozes
  2 adder zombies
  2 adder skeletons
  3 worms (D:3)
  5 dart slugs
  6 leopard geckos
  29 orcs
  4 giant cockroaches
  7 goblins
  5 hobgoblins
  8 jackals
  4 quokkas
  2 ball pythons
  10 bats
  5 frilled lizards
  8 kobolds
  A leopard gecko skeleton (D:4)
  3 rats (D:1)
234 creatures vanquished.

Vanquished Creatures (others)
  68 plants (D:6)
68 creatures vanquished.

Grand Total: 302 creatures vanquished

Notes
Turn   | Place    | Note
-------+----------+-------------------------------------------
     0 | D:1      | Borgoz the Ghoul Monk began the quest for the Orb.
     0 | D:1      | Reached XP level 1. HP: 19/19 MP: 0/0
   200 | D:1      | Reached XP level 2. HP: 26/26 MP: 1/1
  1233 | D:1      | Reached XP level 3. HP: 31/31 MP: 2/2
  1568 | D:2      | Reached skill level 4 in Unarmed Combat
  2047 | D:2      | Found a shadowy altar of Dithmenos.
  2150 | D:2      | Reached skill level 1 in Armour
  2150 | D:2      | Reached XP level 4. HP: 40/40 MP: 3/3
  3401 | D:3      | Reached XP level 5. HP: 45/46 MP: 4/4
  3480 | D:4      | Found a sacrificial altar of Ru.
  3578 | D:4      | Found Zaypp's Magic Scroll Boutique.
  3586 | D:4      | Bought 2 scrolls of teleportation for 60 gold pieces
  3586 | D:4      | Bought a scroll of blinking for 75 gold pieces
  3593 | D:4      | Noticed a centaur
  3601 | D:4      | Killed a centaur
  3601 | D:4      | Reached skill level 5 in Unarmed Combat
  3601 | D:4      | Reached XP level 6. HP: 18/53 MP: 5/5
  3973 | D:4      | Found a radiant altar of Vehumet.
  3987 | D:4      | Found a white marble altar of Elyvilon.
  3987 | D:4      | Found a broken altar of Ashenzari.
  3990 | D:4      | Found a hide-covered altar of Uskayaw.
  3990 | D:4      | Found a shimmering altar of Xom.
  4171 | D:4      | Found an ancient bone altar of Kikubaaqudgha.
  4349 | D:4      | Noticed an eye of draining
  4350 | D:4      | Found a bloodstained altar of Trog.
  4350 | D:4      | Noticed an eye of draining
  4368 | D:4      | Killed an eye of draining
  4368 | D:4      | Reached XP level 7. HP: 59/60 MP: 0/6
  4498 | D:4      | Reached skill level 6 in Unarmed Combat
  4601 | D:4      | Reached skill level 5 in Fighting
  4612 | D:4      | Reached skill level 5 in Dodging
  4638 | D:4      | HP: 3/61 [phantom (5)]
  4914 | D:5      | Entered Level 5 of the Dungeon
  5162 | D:5      | Reached XP level 8. HP: 68/68 MP: 7/7
  6302 | D:6      | Found a shimmering blue altar of Sif Muna.
  6758 | D:6      | Reached skill level 7 in Unarmed Combat
  6921 | D:6      | Found a staircase to the Ecumenical Temple.
  7260 | Temple   | Entered the Ecumenical Temple
  7505 | Temple   | Became a worshipper of Warmaster Okawaru
  7505 | Temple   | Reached * piety under Okawaru
  7505 | Temple   | Reached ** piety under Okawaru
  7989 | D:7      | Reached XP level 9. HP: 34/75 MP: 8/8
  8610 | D:7      | Reached skill level 8 in Unarmed Combat
  9490 | D:8      | Reached skill level 1 in Invocations
  9585 | D:8      | Found a staircase to the Lair.
  9648 | D:8      | Reached skill level 5 in Armour
  9872 | D:8      | Reached *** piety under Okawaru
 10251 | D:8      | Reached XP level 10. HP: 64/86 MP: 10/10
 11066 | D:9      | Reached skill level 9 in Unarmed Combat
 11356 | D:9      | Reached **** piety under Okawaru
 11462 | D:9      | Found a sparkling altar of Nemelex Xobeh.
 12060 | D:9      | Noticed a brown ugly thing
 12086 | D:10     | Entered Level 10 of the Dungeon
 12086 | D:10     | Found Ecru's Weapon Emporium.
 12410 | D:9      | Killed a brown ugly thing
 12410 | D:9      | Received a gift from Okawaru
 12710 | D:10     | Found Zoiclenn's Magic Scroll Emporium.
 12885 | D:10     | Bought a scroll of identify for 20 gold pieces
 12885 | D:10     | Bought a scroll of identify for 20 gold pieces
 12885 | D:10     | Bought a scroll of identify for 20 gold pieces
 12885 | D:10     | Bought a scroll of blinking for 75 gold pieces
 12885 | D:10     | Bought a scroll of identify for 20 gold pieces
 12885 | D:10     | Bought a scroll of teleportation for 30 gold pieces
 12959 | D:10     | Found Nics's Jewellery Shop.
 13017 | D:10     | Killed an unseen horror
 13017 | D:10     | Reached ***** piety under Okawaru
 13317 | D:10     | Noticed a tengu warrior
 13333 | D:10     | Killed a tengu warrior
 13333 | D:10     | Reached skill level 10 in Unarmed Combat
 13333 | D:10     | Reached XP level 11. HP: 71/97 MP: 10/12
 13549 | D:10     | Found a blossoming altar of Fedhas.
 13646 | D:10     | Slain by an unseen horror

Illustrated notes

Levels and vault maps discovered:
D:1:      doesnt_arrival_eight_statues, layout_loops_ring
D:2:      layout_loops_ring, serial_co_window_serial, co_window_cross_1,
          co_window_corner_a, co_window_paths_a, co_window_cross_1,
          co_window_corner_a, co_window_corner_a, co_window_corner_a,
          co_window_broadway_c, co_window_corner_ca, co_window_2corner,
          co_window_paths_c, co_window_unsneaky_path_e, co_window_corner_ca,
          glass_columns_a, glass_columns_b,
          nicolae_dithmenos_through_a_glass_darkly
D:3:      layout_basic
D:4:      layout_rooms, nicolae_ru_great_annihilating_truth,
          trog_eyes_of_draining, grunt_temple_overflow_open,
          nicolae_overflow_crystal_walls, serial_shops,
          nicolae_shop_temple_entry_statues_fountains, minmay_between
D:5:      layout_basic
D:6:      wad_woods_stonehenge, layout_loops_cross, minmay_temple_entry_poolview
D:7:      layout_loops_ring
D:8:      minmay_inner_zag, layout_basic, dpeg_oklobed_lair, dk_noncrumbling_3,
          minmay_misc_feat_roman
D:9:      layout_gridville, lemuel_crystal_altar, serial_undead,
          serial_undead_f, serial_undead_a, serial_undead_a, serial_undead_d,
          nicolae_sextant, kennysheep_generic_room_9
D:10:     minmay_evil_eye, layout_stronghold, serial_shops, shop, shop,
          shop_scrolls, serial_glass, glass_columns_b, glass_columns_a,
          glass_columns_a, glass_columns_a, glass_columns_a, glass_columns_b,
          glass_columns_c, glass_columns_b, glass_columns_a, glass_columns_a,
          glass_columns_a, glass_columns_a, glass_columns_a, glass_columns_b,
          minmay_strange_pillars, due_unseen_surprise, minmay_strange_pillars,
          basic_altar, columned_hall_lemuel, uniq_erolcha
Temple:   nicolae_temple_figure_eight

Skill      XL: |  1  2  3  4  5  6  7  8  9 10 |
---------------+-------------------------------+-----
Dodging        | 3 4 5 6 7 8 |  8.4
Unarmed Combat | 4 5 6 7 8 10 | 10.0
Armour         | 1 2 4 5 6 |  6.8
Fighting       | 4 5 6 7 9 |  9.0
Invocations    | 1 3 |  3.8
Stealth        | |  2.1

Action                   |  1- 3 |  4- 6 |  7- 9 | 10-12 || total
-------------------------+-------+-------+-------+-------++-------
Melee: Unarmed           |   115 |   167 |   511 |   269 ||  1062
       Punch             |     3 |       |    18 |    13 ||    34
Invok: Heroism           |       |       |     1 |     5 ||     6
  Use: Potion            |       |       |     4 |     2 ||     6
       Scroll            |       |       |     1 |    18 ||    19
 Stab: Sleeping          |       |     2 |       |       ||     2
       Paralysed         |       |     2 |       |       ||     2
Armor: Ring mail         |    36 |    55 |   105 |    93 ||   289
Dodge: Dodged            |    65 |    83 |   289 |   170 ||   607

Table legend: (Time is in decaauts)
 A = Elapsed time spent in this place.
 B = Non-inter-level travel time spent in this place.
 C = Inter-level travel time spent in this place.
 D = Time resting spent in this place.
 E = Time spent auto-exploring this place.
 F = Levels seen in this place.
 G = Mean time per level.
                   A        B        C        D        E       F      G
               +--------+--------+--------+--------+--------+-----+--------+
         Total |  13494 |  12987 |    507 |   3753 |   7410 |  11 | 1226.7 |
       Dungeon |  13097 |  12609 |    488 |   3753 |   7034 |  10 | 1309.7 |
        Temple |    396 |    377 |     19 |      0 |    376 |   1 |  396.0 |
               +--------+--------+--------+--------+--------+-----+--------+

Top non-repeatable levels by time:
     D:6: 1617 daAuts
     D:7: 1558 daAuts
     D:8: 1521 daAuts
     D:4: 1484 daAuts
     D:9: 1417 daAuts
     D:2: 1251 daAuts
     D:1: 1236 daAuts
    D:10: 1172 daAuts
     D:5: 926 daAuts
     D:3: 912 daAuts
  Temple: 396 daAuts
